 Dungeon Crawl Stone Soup version 0.30-a0-451-ge042605de7 (webtiles) character file.

Game seed: 6867452011577496886

11998 NinjaNoafa the Nimble (level 11, -3/90 HPs)
             Began as a Merfolk Gladiator on Dec 11, 2022.
             Was a Follower of Uskayaw.
             Slain by a starcursed mass (10 damage)
             ... on level 1 of the Abyss.
             The game lasted 00:28:38 (12649 turns).

NinjaNoafa the Nimble (Merfolk Gladiator)          Turns: 12649, Time: 00:28:40

Health: -3/90      AC: 15    Str: 15    XL:     11   Next: 86%
Magic:  18/18      EV: 18    Int:  8    God:    Uskayaw [*.....]
Gold:   108        SH:  9    Dex: 19    Spells: 16/16 levels left

rFire   + . .      SeeInvis .    a - +2 rapier
rCold   + . .      Faith    .    c - +3 buckler {rC+ rF+}
rNeg    + . .      Spirit   .    K - +0 steam dragon scales
rPois   .          Reflect  .    x - +2 hat {Stlth+}
rElec   .          Harm     .    r - +0 cloak
rCorr   .          Rampage  .    k - +0 pair of gloves {infuse}
Will    .....                    u - +1 pair of boots
Stlth   +++.......               (no amulet)
HPRegen 0.35/turn                f - +4 ring of protection
MPRegen 0.16/turn                l - ring of positive energy

@: hasted, very quick
A: (nimble swimmer 2), mertail, screaming 1
a: Renounce Religion, Stomp


You were on level 1 of the Abyss.
You worshipped Uskayaw.
Uskayaw was aware of your devotion.
You visited 2 branches of the dungeon, and saw 13 of its levels.
You visited the Abyss 1 time.
You also visited: Sewer.

You collected 976 gold pieces.
You spent 868 gold pieces at shops.

Inventory:

Hand Weapons
 a - a +2 rapier (weapon)
Missiles
 b - a javelin (quivered)
 d - 27 poisoned darts
 j - 74 stones
 m - a curare-tipped dart
 I - 2 boomerangs
Armour
 c - a +3 buckler of resistance (worn)
 k - a +0 pair of gloves of infusion (worn)
 r - a +0 cloak (worn)
 u - a +1 pair of boots (worn)
 x - a +2 hat of stealth (worn)
 K - +0 steam dragon scales (worn)
Jewellery
 f - a +4 ring of protection (left hand)
 l - a ring of positive energy (right hand)
Wands
 o - a wand of paralysis (2)
 p - a wand of light (9)
 A - a wand of mindburst (9)
 D - a wand of flame (10)
Scrolls
 n - 3 scrolls of teleportation
 q - 2 scrolls of torment
 w - a scroll of vulnerability
 H - a scroll of magic mapping
Potions
 e - 4 potions of magic
 g - 2 potions of ambrosia
 i - 5 potions of curing
 C - 2 potions of resistance
 E - 2 potions of cancellation {unknown}
 F - 4 potions of flight
 G - a potion of might {unknown}
 J - a potion of mutation {unknown}
 L - a potion of attraction {unknown}
 N - a potion of degeneration {unknown}


   Skills:
 - Level 10.0 Fighting
 + Level 8.3 Short Blades
 - Level 6.0 Throwing
 - Level 10.0 Dodging
 - Level 4.0 Shields
 + Level 3.1 Spellcasting
 + Level 9.9 Invocations
 - Level 6.0 Evocations


You had 16 spell levels left.
You didn't know any spells.
Your spell library contained the following spells:

 Spells                   Type           Power      Damage    Failure   Level
 Apportation              Tloc           2%         N/A       38%         1
 Magic Dart               Conj           4%         1d3       38%         1
 Necrotise                Necr           4%         1d4       38%         1
 Summon Small Mammal      Summ           4%         N/A       38%         1
 Call Imp                 Summ           1%         N/A       52%         2
 Static Discharge         Conj/Air       2%         2-3/arc   52%         2
 Ignite Poison            Fire/Tmut/Pois 1%         N/A       77%         3
 Kindle Blastsparks       Fire/Tloc/Air  2%         2d10      77%         3
 Mephitic Cloud           Conj/Pois/Air  1%         N/A       77%         3
 Vhi's Electric Charge    Tloc/Air       2%         N/A       77%         3
 Cause Fear               Hex            0%         N/A       99%         4
 Arcjolt                  Conj/Air       0%         1d10      100%        5
 Freezing Cloud           Conj/Ice/Air   0%         6-21      100%        5
 Lightning Bolt           Conj/Air       0%         1d11      100%        5
 Dragon Form              Tmut           0%         N/A       100%        7
 Dragon's Call            Summ           0%         N/A       100%        9


Dungeon Overview and Level Annotations

Branches:
Dungeon (12/15)            Temple (1/1) D:4             Orc (0/2) D:10
  Sewer (visited)
   Lair: D:8-11

Altars:
Ashenzari
Cheibriados
Dithmenos
Elyvilon
Fedhas
Gozag
Hepliaklqana
Kikubaaqudgha
Makhleb
Nemelex Xobeh
Okawaru
Qazlal
Ru
Sif Muna
Trog
Uskayaw
Vehumet
Wu Jian
Xom
Yredelemnul
Zin
The Shining One
Lugonu

Shops:
D:2 [   D:6 [

Annotations:
D:4 2 transporters, AigisTheKnight's ghost, amateur GrEE
D:11 Grum; Nergalle
D:12 Sonja


Innate Abilities, Weirdness & Mutations

((You are very nimble when in or above water. (Stealth+, EV+, Speed+++)))
Your lower body shifts to a powerful aquatic tail in water.
You occasionally shout uncontrollably at your foes.


Message History

A large abomination comes into view.
The flying skull hits you but does no damage.
You miss the flying skull.
The flying skull is almost destroyed.
You block the flying skull's attack.
You barely miss the flying skull.
The flying skull is almost destroyed.
You block the flying skull's attack.
You stomp with the beat, sending a shockwave through the revellers around you!
You destroy the flying skull!
You can no longer pass through a line of other dancers.
You can now pass through a line of other dancers.
You are suddenly pulled into a different region of the Abyss!
A starcursed mass comes into view.
A starcursed mass splits.
A starcursed mass splits.
A starcursed mass splits.
A chorus of shrieks assaults your mind.
* * * LOW HITPOINT WARNING * * *
A starcursed mass splits.
You are confused.
You feel invigorated.
A deafening chorus of shrieks assaults your mind!
* * * LOW HITPOINT WARNING * * *
A deafening chorus of shrieks assaults your mind!
* * * LOW HITPOINT WARNING * * *
A starcursed mass splits.
You're too confused to move!
A deafening chorus of shrieks assaults your mind!
* * * LOW HITPOINT WARNING * * *
You suddenly lose the ability to move!
You can move again.
You bump into the rock wall.
A deafening chorus of shrieks assaults your mind!
* * * LOW HITPOINT WARNING * * *
You feel better.
You feel less invigorated.
A deafening chorus of shrieks assaults your mind!
* * * LOW HITPOINT WARNING * * *
You feel yourself speed up. The starcursed mass touches you!
You die...

. ##........
##.## ........
#..#.....# #
#......##..#
##..........
##...X.....
##...# .#
##X..X##.ยง#
#@XX......X
#.....X......
#..##.....##..
## ##....# ..#
##..... ..
....... ...##.
...#


You could see 6 starcursed masses.

Vanquished Creatures
  Gastronok (D:9)
  A two-headed ogre (D:9)
  2 cyclopes
  4 kobold demonologists (D:10)
  A tengu conjurer (D:10)
  3 trolls
  A hornet (D:8)
  4 flying skulls (Abyss:1)
  6 yaks (D:9)
  A wraith (D:9)
  2 wyverns (D:8)
  6 vampire mosquitoes
  4 steam dragons
  An acid dragon (D:11)
  2 water moccasins
  4 orc warriors
  2 ice beasts
  3 black bears
  2 ogres
  A sky beast (D:6)
  A wolf (D:11)
  4 centaurs
  2 phantoms
  3 bullfrogs
  2 kobold brigands (Sewer)
  2 gnoll sergeants (D:5)
  A necrophage (D:4)
  3 scorpions
  10 wights
  5 killer bees
  A howler monkey (D:8)
  3 gnoll boudas
  2 hounds (D:6)
  4 jellies
  5 orc priests
  5 iguanas
  Terence (D:3)
  An orc wizard (D:10)
  24 gnolls
  4 adders
  2 river rats (Sewer)
  2 ufetubi
  3 worms
  3 dart slugs
  28 orcs
  12 ball pythons
  2 bats
  10 endoplasms
  9 giant cockroaches
  9 goblins
  8 hobgoblins
  5 jackals
  2 quokkas
  3 frilled lizards
  10 kobolds
  9 rats
251 creatures vanquished.

Vanquished Creatures (others)
  An orc (D:4)
  A kobold (D:10)
  10 plants
12 creatures vanquished.

Grand Total: 263 creatures vanquished

Notes
Turn   | Place    | Note
-------+----------+-------------------------------------------
     0 | D:1      | NinjaNoafa the Merfolk Gladiator began the quest for the
                  | Orb.
     0 | D:1      | Reached XP level 1. HP: 16/16 MP: 1/1
   113 | D:1      | Reached XP level 2. HP: 23/23 MP: 2/2
   561 | D:1      | Reached XP level 3. HP: 23/28 MP: 3/3
   968 | D:2      | Found a faded altar of an unknown god.
  1395 | D:2      | Found Xiutzef's Armour Shop.
  1913 | D:3      | Noticed Terence
  1935 | D:3      | Killed Terence
  1936 | D:3      | Reached skill level 5 in Dodging
  1936 | D:3      | Reached XP level 4. HP: 34/35 MP: 4/4
  2432 | D:4      | Found a staircase to the Ecumenical Temple.
  2434 | D:4      | Noticed a necrophage
  2444 | D:4      | Killed a necrophage
  2445 | D:4      | Reached skill level 5 in Short Blades
  2445 | D:4      | Reached XP level 5. HP: 42/42 MP: 5/5
  2465 | Temple   | Entered the Ecumenical Temple
  2503 | Temple   | Became a worshipper of Uskayaw the Reveller
  2639 | D:4      | Found a shimmering altar of Xom.
  2645 | D:4      | Reached * piety under Uskayaw
  2688 | D:4      | Reached ** piety under Uskayaw
  2689 | D:4      | Reached XP level 6. HP: 21/48 MP: 6/6
  3087 | D:4      | Found a transporter.
  3104 | D:4      | Noticed AigisTheKnight's ghost (amateur GrEE)
  3110 | D:4      | Found a transporter.
  3395 | D:5      | Entered Level 5 of the Dungeon
  3445 | D:5      | Noticed a black bear
  3460 | D:5      | Killed a black bear
  3461 | D:5      | Reached XP level 7. HP: 54/55 MP: 7/7
  3504 | D:5      | Found a shadowy altar of Dithmenos.
  3534 | D:5      | Reached skill level 5 in Fighting
  4101 | D:4      | Reached XP level 8. HP: 34/64 MP: 0/8
  4238 | D:4      | Found a sacrificial altar of Ru.
  4667 | D:5      | Reached *** piety under Uskayaw
  4671 | D:5      | Reached **** piety under Uskayaw
  4961 | D:6      | Found Diricyst's Antique Armour Emporium.
  5024 | D:6      | Noticed a troll
  5034 | D:6      | Killed a troll
  5100 | D:6      | Found a glowing drain.
  5212 | Sewer    | Entered a sewer
  5331 | Sewer    | Reached skill level 10 in Dodging
  5331 | Sewer    | Reached XP level 9. HP: 47/74 MP: 6/9
  5429 | Sewer    | Found a white marble altar of Elyvilon.
  6669 | D:7      | Reached skill level 10 in Fighting
  6676 | D:7      | Reached skill level 1 in Shields
  7220 | D:8      | Reached skill level 1 in Invocations
  7350 | D:8      | Reached skill level 1 in Evocations
  7767 | D:8      | Reached XP level 10. HP: 73/85 MP: 12/12
  7985 | D:8      | Reached skill level 5 in Invocations
  8026 | D:8      | Identified the +0 ring mail of Zeunnukool {Will+ Str+2}
  8286 | D:8      | Paralysed by a hornet for 2 turns
  8554 | D:9      | Found a hazy altar of Hepliaklqana.
  8700 | D:9      | Noticed Gastronok
  8761 | D:9      | Killed Gastronok
  8920 | D:9      | Noticed a cyclops
  8932 | D:9      | Reached skill level 5 in Evocations
  8939 | D:9      | Killed a cyclops
  8975 | D:9      | Reached ***** piety under Uskayaw
  9254 | D:9      | Reached XP level 11. HP: 59/90 MP: 16/16
  9803 | D:10     | Entered Level 10 of the Dungeon
  9809 | D:10     | Found a staircase to the Orcish Mines.
  9811 | D:10     | Noticed a two-headed ogre
  9923 | D:10     | Noticed a soul eater
  9926 | D:10     | Identified a scroll of acquirement
  9926 | D:10     | Acquired 364 gold pieces
  9969 | D:9      | Killed a two-headed ogre
 10329 | D:2      | Bought a +2 buckler of resistance for 498 gold pieces
 10450 | D:6      | Bought a pair of glowing gloves for 232 gold pieces
 10687 | D:10     | Gained mutation: You occasionally shout uncontrollably at
                  | your foes. [a neqoxec]
 11286 | D:2      | Bought a +1 pair of boots for 138 gold pieces
 11497 | D:10     | Noticed a soul eater
 11499 | D:10     | Reached skill level 5 in Throwing
 11499 | D:10     | Reached skill level 1 in Spellcasting
 12008 | D:10     | Found a glowing silver altar of Zin.
 12011 | D:10     | Found a sparkling altar of Nemelex Xobeh.
 12011 | D:10     | Found a bloodstained altar of Trog.
 12011 | D:10     | Found a glowing golden altar of the Shining One.
 12012 | D:10     | Found a burning altar of Makhleb.
 12012 | D:10     | Found an iron altar of Okawaru.
 12014 | D:10     | Found a stormy altar of Qazlal.
 12014 | D:10     | Found a blossoming altar of Fedhas.
 12014 | D:10     | Found an ancient bone altar of Kikubaaqudgha.
 12016 | D:10     | Found an opulent altar of Gozag.
 12016 | D:10     | Found a snail-covered altar of Cheibriados.
 12016 | D:10     | Found a basalt altar of Yredelemnul.
 12255 | D:11     | Noticed a cyclops
 12284 | D:11     | Killed a cyclops
 12485 | D:11     | Noticed Nergalle
 12488 | D:11     | Noticed Grum
 12506 | D:11     | Noticed a manticore
 12537 | D:12     | Noticed Sonja
 12543 | Abyss:1  | Cast into level 1 of the Abyss (Sonja)
 12639 | Abyss:1  | Noticed a starcursed mass
 12646 | Abyss:1  | Paralysed by accursed screaming for 1 turns
 12649 | Abyss:1  | Slain by a starcursed mass

Illustrated notes

Levels and vault maps discovered:
D:1:      nzn_arrival_depleted_hourglass, layout_basic
D:2:      layout_basic, ebering_ecumenical_altar_hall, serial_shops,
          nicolae_square_shop, serial_bayou_ford_a, minivault_23
D:3:      layout_rooms, uniq_terence
D:4:      layout_basic, nicolae_ru_the_path_less_chosen, xom_confusion_cloud,
          minmay_temple_entry_statues_fountains, gammafunk_ghost_stat_death,
          feat_on_display
D:5:      layout_basic, nicolae_dithmenos_through_a_glass_darkly,
          kennysheep_generic_room_10
D:6:      layout_loops_cross, serial_shops, kennysheep_mini_moat,
          gup_sewer_entry_bowl
D:7:      layout_cave_pools
D:8:      minmay_angry_zag, layout_loops_cross
D:9:      layout_loops_ring, mainiacjoe_overflow_catwalk, dk_noncrumbling_2,
          nrook_pool_corridor, hex_medium, uniq_gastronok
D:10:     layout_long_grid, nicolae_overflows_in_rows, david_orc_3
D:11:     layout_basic, dpeg_oklobed_lair, minmay_shop_enchanted_jewellery,
          uniq_nergalle, uniq_grum
D:12:     layout_loops_cross, uniq_sonja
Temple:   corrupted_temple
Abyss:1:  base:
D:11

Skill      XL: |  1  2  3  4  5  6  7  8  9 10 11 |
---------------+----------------------------------+-----
Short Blades   | 4 5 6 7 8 |  8.3
Fighting       | 3 4 5 8 10 | 10.0
Dodging        | 5 6 7 10 | 10.0
Shields        | 4 |  4.0
Invocations    | 3 7 9 |  9.9
Evocations     | 2 5 6 |  6.0
Throwing       | 4 6 |  6.0
Spellcasting   | 3 |  3.1

Action                   |  1- 3 |  4- 6 |  7- 9 | 10-12 || total
-------------------------+-------+-------+-------+-------++-------
Melee: Rapier            |   138 |   173 |   496 |   449 ||  1256
       Punch             |     2 |     4 |     4 |       ||    10
       Tailslap          |       |       |     6 |       ||     6
Throw: Javelin           |     2 |       |       |    49 ||    51
       Throwing net      |     1 |     2 |       |       ||     3
       Dart              |       |     4 |    18 |    12 ||    34
       Boomerang         |       |       |     6 |    18 ||    24
Invok: Line Pass         |       |     1 |     6 |     4 ||    11
       Stomp             |       |       |    10 |     7 ||    17
Evoke: Wand              |     1 |       |     8 |    13 ||    22
  Use: Scroll            |       |     3 |     3 |    15 ||    21
       Potion            |       |       |     5 |    11 ||    16
 Stab: Paralysed         |     3 |       |    10 |    15 ||    28
       Sleeping          |     1 |       |     3 |       ||     4
       Held in net/web   |       |     3 |       |       ||     3
       Confused          |       |     1 |     1 |       ||     2
       Invisible         |       |       |       |     1 ||     1
Armor: Leather armour    |    45 |    72 |   127 |       ||   244
       Steam dragon scal |       |       |     7 |   205 ||   212
Dodge: Dodged            |    79 |   130 |   505 |   533 ||  1247
Block: Buckler           |       |       |    62 |   254 ||   316

Table legend: (Time is in decaauts)
 A = Elapsed time spent in this place.
 B = Non-inter-level travel time spent in this place.
 C = Inter-level travel time spent in this place.
 D = Time resting spent in this place.
 E = Time spent auto-exploring this place.
 F = Levels seen in this place.
 G = Mean time per level.
                   A        B        C        D        E       F      G
               +--------+--------+--------+--------+--------+-----+--------+
         Total |  12506 |  11298 |   1208 |    301 |   8198 |  15 |  833.7 |
       Dungeon |  12127 |  10940 |   1187 |    301 |   7997 |  12 | 1010.6 |
        Temple |     49 |     28 |     21 |      0 |     21 |   1 |   49.0 |
         Abyss |    102 |    102 |      0 |      0 |     55 |   1 |  102.0 |
         Sewer |    227 |    227 |      0 |      0 |    125 |   1 |  227.0 |
               +--------+--------+--------+--------+--------+-----+--------+

Top non-repeatable levels by time:
     D:9: 1991 daAuts
     D:8: 1677 daAuts
     D:4: 1353 daAuts
     D:5: 1303 daAuts
    D:10: 1181 daAuts
     D:6: 1077 daAuts
     D:2: 1006 daAuts
     D:1: 945 daAuts
     D:7: 673 daAuts
     D:3: 633 daAuts
    D:11: 277 daAuts
   Sewer: 227 daAuts
 Abyss:1: 102 daAuts
  Temple: 49 daAuts
    D:12: 5 daAuts
